 Dungeon Crawl Stone Soup version 0.26.0-16-gc1dbca0489 (webtiles) character file.

Game seed: 6511842056069000367

165 thiole the Sneak (level 5, -1/31 HPs)
             Began as an Octopode Hedge Wizard on Jan 19, 2021.
             Slain by a worker ant (6 damage)
             ... on level 4 of the Dungeon.
             The game lasted 00:07:51 (4951 turns).

thiole the Sneak (Octopode Hedge Wizard)            Turns: 4951, Time: 00:07:51

Health: -1/31      AC:  1    Str:  9    XL:     5   Next: 46%
Magic:  7/10       EV: 14    Int: 18    God:
Gold:   193        SH:  0    Dex: 11    Spells: 5/11 levels left

rFire    . . .     SeeInvis .   a - +0 dagger
rCold    + . .     Faith    .   (no shield)
rNeg     . . .     Spirit   .   b - +0 hat
rPois    .         Reflect  .   (no amulet)
rElec    .         Harm     .   n - ring of protection from cold
rCorr    .         Rampage  .   (no ring)
Will     .....                  (no ring)
Stlth    +++.......             (no ring)
HPRegen  0.10/turn              (no ring)
MPRegen  0.12/turn              (no ring)
                                (no ring)
                                (no ring)

@: lethally poisoned (-1 -> -17), very slightly contaminated
A: almost no armour, stealthy swim, amphibious, 8 rings, constrict 8, camouflage
1, gelatinous body 1
a: no special abilities


You were on level 4 of the Dungeon.
You visited 1 branch of the dungeon, and saw 4 of its levels.

You collected 193 gold pieces.

Inventory:

Hand Weapons
 a - a +0 dagger (weapon)
Armour
 b - a +0 hat (worn)
Jewellery
 n - a ring of protection from cold (left tentacle)
Scrolls
 c - 2 scrolls of remove curse {unknown}
 h - a scroll of identify
 i - 2 scrolls of teleportation
 m - a scroll of fog {unknown}
Potions
 d - a potion of lignification {unknown}
 e - 3 potions of curing
 f - 3 potions of flight {unknown}
 g - a potion of heal wounds {unknown}
 j - a potion of brilliance {unknown}
 l - a potion of degeneration {unknown}


   Skills:
 + Level 2.8 Dodging
 + Level 4.0 Stealth
 + Level 3.6 Spellcasting
 - Level 2.0 Conjurations
 - Level 2.0 Summonings
 - Level 1.0 Translocations
 + Level 1.2 Air Magic
 + Level 1.6 Poison Magic


You had 5 spell levels left.
You knew the following spells:

 Your Spells              Type           Power        Failure   Level
a - Magic Dart            Conj           40%          7%          1
b - Call Imp              Summ           10%          11%         2
c - Mephitic Cloud        Conj/Pois/Air  9%           24%         3

Your spell library contained the following spells:

 Spells                   Type           Power        Failure   Level
 Blink                    Tloc           N/A          16%         2
 Slow                     Hex            3%           24%         2
 Conjure Flame            Conj/Fire      6%           30%         3


Dungeon Overview and Level Annotations

Branches:
Dungeon (4/15)
 Temple: D:4-7

Altars:
Ashenzari
Hepliaklqana
Makhleb
Vehumet
Wu Jian
Xom
Yredelemnul
Zin

Annotations:
D:4 Dowan, Duvessa, Eustachio


Innate Abilities, Weirdness & Mutations

You cannot wear most types of armour.
You are very stealthy in the water. (Stealth+)
You are amphibious.
You can wear up to eight rings at the same time.
You can use your tentacles to constrict eight enemies at once.
Your skin changes colour to match your surroundings (Stealth+).
Your rubbery body absorbs attacks. (AC +1, EV +1)


Message History

The worker ant is moderately wounded.
You constrict the worker ant.
You feel sick. The worker ant bites you.
You are lethally poisoned!
The worker ant poisons you!
You hit the worker ant but do no damage.
The worker ant is moderately wounded.
You constrict the worker ant.
You feel sick. The worker ant completely misses you.
You hit the worker ant but do no damage.
The worker ant is heavily wounded.
You constrict the worker ant.
You feel sick. The worker ant bites you.
* * * LOW HITPOINT WARNING * * *
The worker ant bites you but does no damage.
You hit the worker ant.
You squeeze the worker ant, but do no damage.
The worker ant is severely wounded.
You constrict the worker ant.
* * * LOW HITPOINT WARNING * * *
You feel sick. The worker ant bites you.
You die...

#..................#####
#..................#....
#..................#....
#..................#....
#......(................
#..........####'####....
#..........#h^#.#^.#....
#..........##^#.#^##....
#.....B@...#.^#.#ยง.#.#..
......###+.## #.# ##.#..
..... #....# #^# #....
.... #....####+####....
... .......#?#....... ..
#...###.###### e
#.............
#.............
#.............


You could see Duvessa (wandering) and a worker ant.

Vanquished Creatures
  An orc wizard (D:3)
  4 adders
  A gnoll (D:3)
  A white imp (D:2)
  An ooze (D:4)
  An adder skeleton (D:4)
  2 worms (D:2)
  A dart slug (D:1)
  3 leopard geckos
  4 orcs (D:4)
  3 giant cockroaches
  3 goblins
  4 hobgoblins
  4 jackals
  3 quokkas
  A ball python (D:2)
  9 bats
  5 frilled lizards
  2 gnoll zombies (D:3)
  A jackal skeleton (D:4)
  5 kobolds
  7 rats
66 creatures vanquished.

Vanquished Creatures (collateral kills)
  A worm (D:2)
  A giant cockroach (D:2)
  3 jackals (D:2)
5 creatures vanquished.

Grand Total: 71 creatures vanquished

Notes
Turn   | Place    | Note
-------+----------+-------------------------------------------
     0 | D:1      | thiole the Octopode Hedge Wizard began the quest for the
                  | Orb.
     0 | D:1      | Reached XP level 1. HP: 11/11 MP: 4/4
   332 | D:1      | Reached XP level 2. HP: 13/17 MP: 0/6
  1106 | D:2      | Found a faded altar of an unknown god.
  1385 | D:1      | Reached skill level 3 in Stealth
  1386 | D:1      | Reached XP level 3. HP: 11/21 MP: 7/7
  1816 | D:2      | Learned a level 2 spell: Call Imp
  1820 | D:2      | Learned a level 3 spell: Mephitic Cloud
  2287 | D:2      | Reached XP level 4. HP: 14/27 MP: 5/9
  2780 | D:2      | Found a radiant altar of Vehumet.
  2814 | D:2      | Found a hazy altar of Hepliaklqana.
  3125 | D:3      | Reached skill level 1 in Poison Magic
  3207 | D:3      | Found a shimmering altar of Xom.
  3212 | D:3      | Found a burning altar of Makhleb.
  3212 | D:3      | Found an ornate altar of the Wu Jian Council.
  3222 | D:3      | Found a glowing silver altar of Zin.
  3230 | D:3      | Found a broken altar of Ashenzari.
  3424 | D:3      | Found a basalt altar of Yredelemnul.
  3757 | D:3      | Reached XP level 5. HP: 24/31 MP: 6/10
  3913 | D:3      | Noticed a sky beast
  4052 | D:4      | Noticed Eustachio
  4174 | D:4      | Noticed Dowan
  4176 | D:4      | Noticed Duvessa
  4318 | D:4      | Reached skill level 1 in Air Magic
  4409 | D:3      | Reached skill level 4 in Stealth
  4951 | D:4      | Slain by a worker ant

Illustrated notes

Levels and vault maps discovered:
D:1:      minmay_arrival_widening_spiral_wide, layout_basic
D:2:      layout_rooms, riverfiend_overflow_shadow_ancestor,
          fiery_altar_vehumet, chequers_ecumenical_altar_simple
D:3:      layout_basic, lemuel_zombie_altar_yredelemnul,
          minmay_overflow_temple_star_hex, kennysheep_pointless_box,
          minmay_between
D:4:      layout_gridville, grunt_tough_drop, uniq_eustachio, uniq_duvessa

Skill      XL: |  1  2  3  4  5 |
---------------+----------------+-----
Stealth        | 3 4 |  4.0
Conjurations   | 2 |  2.0
Summonings     | 2 |  2.0
Poison Magic   | 1 |  1.6
Air Magic      | 1 |  1.2
Dodging        | |  2.8
Spellcasting   | |  3.6
Translocations | |  1.0

Action                   |  1- 3 |  4- 6 || total
-------------------------+-------+-------++-------
Melee: Dagger            |    55 |    59 ||   114
       Constrict         |    14 |    12 ||    26
       Tentacles         |    11 |    13 ||    24
 Cast: Magic Dart        |    68 |    66 ||   134
       Call Imp          |       |     3 ||     3
  Use: Scroll            |       |     4 ||     4
       Potion            |       |     1 ||     1
 Stab: Sleeping          |       |     1 ||     1
Armor: Skin              |     4 |     3 ||     7
Dodge: Dodged            |    54 |    38 ||    92
